 Dungeon Crawl Stone Soup version 0.30-a0-42-g806c11bf1d (webtiles) character file.

Game seed: 1543540970148148112

8826 Nattfarinn the Thaumaturge (level 11, -1/83 HPs)
             Began as a Gnoll Venom Mage on Aug 30, 2022.
             Was a Believer of Ashenzari.
             Killed from afar by a gargoyle (15 damage)
             ... with a stone arrow
             ... on level 10 of the Dungeon.
             The game lasted 00:30:01 (15739 turns).

Nattfarinn the Thaumaturge (Gnoll Venom Mage)      Turns: 15739, Time: 00:30:01

Health: -1/83      AC:  7    Str: 12    XL:     11   Next: 36%
Magic:  4/23       EV: 14    Int: 17    God:    Ashenzari [**....]
Gold:   608        SH:  0    Dex: 12    Spells: 11/26 levels left

rFire   . . .      SeeInvis +    n - +1 short sword of the Enlightened Moon {holy, Comp, Alch} (curse)
rCold   . . .      Faith    .    m - orb of Ashenzari's Absolutism {light, Fort, Evo} (curse)
rNeg    . . .      Spirit   .    G - +1 leather armour "Share My Scepticism" {Str+2, Comp, Elem} (curse)
rPois   .          Reflect  .    l - +0 helmet
rElec   .          Harm     .    B - +0 cloak
rCorr   .          Rampage  .    (no gloves)
Will    .....                    (no boots)
Stlth   ++........               (no amulet)
HPRegen 0.23/turn                (no ring)
MPRegen 0.18/turn                (no ring)

@: about to teleport, glowing
A: fangs 1, strong nose, distributed training
a: Renounce Religion, Shatter the Chains


You were on level 10 of the Dungeon.
You worshipped Ashenzari.
Ashenzari was pleased with you.
You visited 2 branches of the dungeon, and saw 11 of its levels.

You collected 636 gold pieces.
You spent 28 gold pieces at shops.

Inventory:

Hand Weapons
 d - a +0 mace
 n - the cursed +1 short sword of the Enlightened Moon (weapon) {holy, Comp, Alch}
   (You took it off an orc on level 3 of the Dungeon)

   It has been blessed by the Shining One to cause great damage to the undead
   and demons.
   It has a curse which improves the following skills: Companions: Summonings
   and Necromancy.
   Alchemy:   Poison Magic and Transmutations.
 u - a +2 dire flail of protection
Armour
 a - a +0 robe
 l - a +0 helmet (worn)
 m - the cursed orb of Ashenzari's Absolutism (worn) {light, Fort, Evo}
   (You found it on level 3 of the Dungeon)

   It has a curse which improves the following skills: Fortitude: Armour and
   Shields.
   Evocations: Evocations.
 t - a +2 robe of cold resistance
 v - a +2 scale mail of cold resistance
 z - a +0 buckler
 B - a +0 cloak (worn)
 G - the cursed +1 leather armour "Share My Scepticism" (worn) {Str+2, Comp, Elem}
   (You found it on level 9 of the Dungeon)

   Str:       It affects your strength (+2).
   It has a curse which improves the following skills: Companions: Summonings
   and Necromancy.
   Elements:  Fire Magic, Ice Magic, Air Magic and Earth Magic.
Magical Staves
 D - a staff of earth
Jewellery
 C - a ring of poison resistance
 I - a ring of resist corrosion
Wands
 k - a wand of digging (6)
 J - a wand of charming (3)
Scrolls
 e - 2 scrolls of torment
 g - 2 scrolls of teleportation
 h - 2 scrolls of immolation
 j - a scroll of brand weapon
 o - 4 scrolls of amnesia
 q - 2 scrolls of butterflies
 r - a scroll of enchant weapon
 s - a scroll of enchant armour
 x - a scroll of vulnerability
 y - a scroll of silence
 H - a scroll of summoning
Potions
 b - 2 potions of magic
 f - 2 potions of ambrosia
 i - 2 potions of brilliance
 p - a potion of lignification
 w - a potion of might
 A - a potion of resistance
 E - a potion of curing
 F - 2 potions of attraction


   Skills:
 + Level 6.4 Fighting
 + Level 6.4 Short Blades
 + Level 6.4 Long Blades
 + Level 6.4 Axes
 + Level 6.4 Maces & Flails
 + Level 6.4 Polearms
 + Level 6.4 Staves
 + Level 6.4 Ranged Weapons
 + Level 6.4 Throwing
 + Level 6.4(7.7) Armour
 + Level 8.0 Dodging
 + Level 7.8 Stealth
 + Level 6.4(7.7) Shields
 + Level 6.4 Unarmed Combat
 + Level 8.2 Spellcasting
 + Level 5.3 Conjurations
 + Level 5.3 Hexes
 + Level 5.3(7.2) Summonings
 + Level 5.3(7.2) Necromancy
 + Level 5.3 Translocations
 + Level 5.8(7.0) Transmutations
 + Level 5.3(6.5) Fire Magic
 + Level 5.3(6.5) Ice Magic
 + Level 5.3(6.5) Air Magic
 + Level 5.3(6.5) Earth Magic
 + Level 7.7(9.0) Poison Magic
 + Level 7.1 Invocations
 + Level 6.4(7.7) Evocations


You had 11 spell levels left.
You knew the following spells:

 Your Spells              Type           Power      Damage    Failure   Level
a - Sting                 Tmut/Pois      100%       1d8       1%          1
b - Olgreb's Toxic Radia  Pois           37%        N/A       3%          4
c - Poisonous Vapours     Pois/Air       66%        N/A       1%          2
d - Stone Arrow           Conj/Erth      54%        3d10      3%          3
e - Borgnjor's Vile Clut  Necr/Erth      15%        N/A       21%         5

Your spell library contained the following spells:

 Spells                   Type           Power      Damage    Failure   Level
 Foxfire                  Conj/Fire      100%       2x1d9     1%          1
 Necrotise                Necr           100%       1d9       1%          1
 Vampiric Draining        Necr           31%        2d8       1%          3
 Mephitic Cloud           Conj/Pois/Air  30%        N/A       2%          3
 Conjure Flame            Conj/Fire      27%        6-21      3%          3
 Inner Flame              Hex/Fire       27%        N/A       3%          3
 Airstrike                Air            14%        2d(3-19)  9%          4
 Flame Wave               Conj/Fire      27%        2d9       11%         4
 Alistair's Intoxication  Tmut/Pois      22%        N/A       13%         5
 Passage of Golubria      Tloc           25%        N/A       14%         4
 Agony                    Necr           31%        N/A       19%         5
 Lee's Rapid Deconstruct  Erth           14%        3d10*     24%         5
 Freezing Cloud           Conj/Ice/Air   14%        6-21      26%         5
 Silence                  Hex/Air        13%        N/A       30%         5
 Eringya's Noxious Bog    Tmut/Pois      17%        N/A       56%         6
 Lehudib's Crystal Spear  Conj/Erth      13%        10d5      100%        8


Dungeon Overview and Level Annotations

Branches:
Dungeon (10/15)            Temple (1/1) D:6            Lair (0/5) D:8
    Orc: D:9-12

Altars:
Ashenzari
Cheibriados
Dithmenos
Elyvilon
Fedhas
Gozag
Hepliaklqana
Kikubaaqudgha
Makhleb
Nemelex Xobeh
Okawaru
Qazlal
Ru
Sif Muna
Trog
Uskayaw
Vehumet
Wu Jian
Xom
Yredelemnul
Zin
The Shining One

Shops:
D:2 ?

Annotations:
D:3 Plasmagod's ghost, amateur BaFi
D:7 2 transporters, tjtr's ghost, amateur KoBr
Temple 2 transporters


Innate Abilities, Weirdness & Mutations

You have very sharp teeth.
Your uncanny sense of smell can sniff out nearby items.
Your experience applies equally to all skills.


Message History

Zombie hands grab the orc.
Zombie hands grab the gargoyle.
The zombie hands constrict the orc.
The zombie hands constrict the gargoyle, but do no damage.
The orc escapes!
The gargoyle struggles to escape constriction.
You hit the orc.
You kill the orc!
The zombie hands constrict the gargoyle, but do no damage.
The gargoyle struggles to escape constriction.
The zombie hands constrict the gargoyle.
The gargoyle struggles to escape constriction.
Things that are here:
a +0 club; an orc corpse The zombie hands constrict the gargoyle, but do no damage.
The gargoyle closely misses you.
Unknown command.
You hit the gargoyle.
You bite the gargoyle, but do no damage.
The gargoyle is moderately damaged.
The zombie hands constrict the gargoyle.
The zombie hands release their grip on the gargoyle.
An orc warrior comes into view. It is wielding a +0 trident.
The gargoyle hurls a stone arrow at you.
The stone arrow hits you!! The orc attacks as you move away!
The orc barely misses you. The gargoyle attacks as you move away!
The gargoyle barely misses you.
The gargoyle hurls a stone arrow at you.
The stone arrow hits you!!
* * * LOW HITPOINT WARNING * * *
Things that are here:
a +0 club; an orc corpse You feel much better.
The orc hits you with a +0 whip.
As you read the scroll of teleportation, it crumbles to dust.
You feel strangely unstable. The gargoyle barely misses you.
The orc hits you but does no damage. The gargoyle attacks as you move away!
The gargoyle hits you with a +0 mace!
* * * LOW HITPOINT WARNING * * *
The gargoyle hurls a stone arrow at you.
The stone arrow hits you!
You die...

*, #....#.#..#...#
,*##.#.#.#..#...#### *
* ###.#.#.#.##......#**
#.....#.#.):......... *
,#.#.#.#.#..#..$......
#.....#.#..#.........
###.#.#.#o9#.........
#.......#..#.........
*,#.#.#.###.@#######...
#.#.#.#....# *.# * #
#.#.#....# * *
#.#.#....# * *
#<#.#....#* ###
#,#.#.....[# .... ,
,#.#........#..... ,
#.#######.....>.. * *
#................


You could see a gargoyle and an orc.

Vanquished Creatures
  A two-headed ogre (D:9)
  A cyclops (D:9)
  A komodo dragon (D:8)
  A rime drake (shapeshifter) (D:8)
  A troll (D:9)
  Grinder (D:6)
  7 yaks
  4 wraiths
  2 steam dragons
  Edmund (D:6)
  Duvessa (D:6)
  4 water moccasins
  An ice beast (D:7)
  3 sky beasts
  8 orc warriors
  3 black bears
  2 ogres
  3 centaurs
  A kobold brigand (D:8)
  4 bullfrogs
  A gnoll sergeant (D:3)
  2 scorpions
  7 wights
  Dowan (D:6)
  5 howler monkeys
  An electric eel (D:8)
  7 hounds
  Crazy Yiuf (D:7)
  6 orc priests
  A gnoll bouda (D:8)
  3 iguanas
  19 orc wizards
  Terence (D:2)
  18 gnolls
  12 adders
  A shadow imp (D:6)
  2 white imps (D:7)
  2 ufetubi
  2 worms (D:3)
  A dart slug (D:2)
  50 orcs
  5 bats
  7 endoplasms
  4 giant cockroaches
  4 goblins
  9 hobgoblins
  18 jackals
  17 kobolds
  2 quokkas
  7 ball pythons
  2 frilled lizards
  6 rats
274 creatures vanquished.

Vanquished Creatures (others)
  57 fungi
  64 plants
121 creatures vanquished.

Grand Total: 395 creatures vanquished

Notes
Turn   | Place    | Note
-------+----------+-------------------------------------------
     0 | D:1      | Nattfarinn the Gnoll Venom Mage began the quest for the
                  | Orb.
     0 | D:1      | Reached XP level 1. HP: 13/13 MP: 6/6
   478 | D:1      | Reached XP level 2. HP: 19/19 MP: 3/7
  1188 | D:2      | Reached skill level 5 in Spellcasting
  1188 | D:2      | Reached XP level 3. HP: 25/25 MP: 1/9
  1304 | D:2      | Found Wosat's Magic Scroll Emporium.
  1322 | D:2      | Bought a scroll of identify for 28 gold pieces
  1423 | D:2      | Found a faded altar of an unknown god.
  1429 | D:2      | Reached skill level 1 in Invocations
  1544 | D:2      | Found a sacrificial altar of Ru.
  1549 | D:2      | Reached skill level 1 in Fighting
  1549 | D:2      | Reached skill level 1 in Short Blades
  1549 | D:2      | Reached skill level 1 in Long Blades
  1549 | D:2      | Reached skill level 1 in Axes
  1549 | D:2      | Reached skill level 1 in Maces & Flails
  1549 | D:2      | Reached skill level 1 in Polearms
  1549 | D:2      | Reached skill level 1 in Staves
  1549 | D:2      | Reached skill level 1 in Ranged Weapons
  1549 | D:2      | Reached skill level 1 in Throwing
  1549 | D:2      | Reached skill level 1 in Armour
  1549 | D:2      | Reached skill level 1 in Shields
  1549 | D:2      | Reached skill level 1 in Unarmed Combat
  1549 | D:2      | Reached skill level 1 in Evocations
  1713 | D:2      | Reached XP level 4. HP: 32/32 MP: 8/11
  2055 | D:2      | Reached skill level 1 in Conjurations
  2055 | D:2      | Reached skill level 1 in Hexes
  2055 | D:2      | Reached skill level 1 in Summonings
  2055 | D:2      | Reached skill level 1 in Necromancy
  2055 | D:2      | Reached skill level 1 in Translocations
  2055 | D:2      | Reached skill level 1 in Fire Magic
  2055 | D:2      | Reached skill level 1 in Ice Magic
  2055 | D:2      | Reached skill level 1 in Air Magic
  2055 | D:2      | Reached skill level 1 in Earth Magic
  2113 | D:2      | Noticed Terence
  2113 | D:2      | Noticed a scorpion
  2120 | D:2      | Learned a level 4 spell: Olgreb's Toxic Radiance
  2122 | D:2      | Killed a scorpion
  2123 | D:2      | Reached XP level 5. HP: 26/37 MP: 7/12
  2129 | D:2      | Killed Terence
  3006 | D:3      | Reached XP level 6. HP: 39/44 MP: 4/13
  3132 | D:3      | Reached skill level 5 in Dodging
  3462 | D:3      | Learned a level 2 spell: Poisonous Vapours
  3667 | D:3      | Reached XP level 7. HP: 38/50 MP: 5/15
  4135 | D:3      | Reached skill level 5 in Stealth
  5002 | D:3      | Found a runed translucent gate.
  5002 | D:3      | Found a runed translucent gate.
  5004 | D:3      | Found a runed translucent gate.
  5008 | D:3      | Noticed Plasmagod's ghost (amateur BaFi)
  5718 | D:4      | Found a blossoming altar of Fedhas.
  6070 | D:4      | Found a basalt altar of Yredelemnul.
  6161 | D:4      | Found a glowing silver altar of Zin.
  6423 | D:5      | Entered Level 5 of the Dungeon
  6442 | D:5      | Reached XP level 8. HP: 58/58 MP: 10/16
  6842 | D:5      | Found a shimmering blue altar of Sif Muna.
  7244 | D:6      | Got the Incunable of Turbulent Grit
  7268 | D:6      | Noticed Grinder
  7281 | D:6      | Killed Grinder
  7531 | D:6      | Found a shadowy altar of Dithmenos.
  7665 | D:6      | Found an iron altar of Okawaru.
  7684 | D:6      | Reached XP level 9. HP: 65/65 MP: 11/18
  8048 | D:6      | Noticed Dowan
  8051 | D:6      | Noticed Duvessa
  8060 | D:6      | Killed Dowan
  8139 | D:5      | Learned a level 3 spell: Stone Arrow
  8211 | D:6      | Killed Duvessa
  8473 | D:6      | Found a staircase to the Ecumenical Temple.
  8552 | D:6      | Found a snail-covered altar of Cheibriados.
  8559 | D:6      | Found a bloodstained altar of Trog.
  8564 | D:6      | Found a hazy altar of Hepliaklqana.
  8589 | D:6      | Noticed Edmund
  8604 | D:6      | Killed Edmund
  9098 | Temple   | Entered the Ecumenical Temple
  9098 | Temple   | Found a transporter.
  9098 | Temple   | Found a transporter.
  9100 | Temple   | Found a transporter.
  9100 | Temple   | Found a transporter.
  9128 | Temple   | Became a worshipper of Ashenzari the Shackled
  9789 | D:7      | Reached skill level 5 in Invocations
 10067 | D:7      | Found a transporter.
 10068 | D:7      | Noticed tjtr's ghost (amateur KoBr)
 10070 | D:7      | Noticed a queen bee
 10080 | D:7      | Noticed a hornet
 10308 | D:7      | Found a transporter.
 10484 | D:7      | Reached skill level 5 in Fighting
 10484 | D:7      | Reached skill level 5 in Short Blades
 10484 | D:7      | Reached skill level 5 in Long Blades
 10484 | D:7      | Reached skill level 5 in Axes
 10484 | D:7      | Reached skill level 5 in Maces & Flails
 10484 | D:7      | Reached skill level 5 in Polearms
 10484 | D:7      | Reached skill level 5 in Staves
 10484 | D:7      | Reached skill level 5 in Ranged Weapons
 10484 | D:7      | Reached skill level 5 in Throwing
 10484 | D:7      | Reached skill level 5 in Armour
 10484 | D:7      | Reached skill level 5 in Shields
 10484 | D:7      | Reached skill level 5 in Unarmed Combat
 10484 | D:7      | Reached skill level 5 in Evocations
 10484 | D:7      | Reached XP level 10. HP: 16/74 MP: 10/20
 11178 | D:7      | Found a runed translucent door.
 11179 | D:7      | Noticed Crazy Yiuf
 11374 | D:7      | Killed Crazy Yiuf
 11496 | D:8      | Reached skill level 5 in Transmutations
 12617 | D:8      | Found a staircase to the Lair.
 12877 | D:8      | Found a white marble altar of Elyvilon.
 13166 | D:8      | Found an opulent altar of Gozag.
 13167 | D:8      | Found a sparkling altar of Nemelex Xobeh.
 13375 | D:8      | Found an ornate altar of the Wu Jian Council.
 13410 | D:8      | Noticed an unseen horror
 13412 | D:8      | an unseen horror changed into a shapeshifter
 13814 | D:9      | Reached skill level 5 in Conjurations
 13814 | D:9      | Reached skill level 5 in Hexes
 13814 | D:9      | Reached skill level 5 in Summonings
 13814 | D:9      | Reached skill level 5 in Necromancy
 13814 | D:9      | Reached skill level 5 in Translocations
 13814 | D:9      | Reached skill level 5 in Fire Magic
 13814 | D:9      | Reached skill level 5 in Ice Magic
 13814 | D:9      | Reached skill level 5 in Air Magic
 13814 | D:9      | Reached skill level 5 in Earth Magic
 13818 | D:9      | Reached XP level 11. HP: 76/81 MP: 5/22
 13928 | D:9      | Reached * piety under Ashenzari
 14175 | D:9      | Identified the +1 leather armour of Dim Light {Str+2}
 14256 | D:9      | Identified the +1 scale mail "Deth" {rElec rPois rN++
                  | Str-5}
 14521 | D:9      | Noticed a cyclops
 14527 | D:9      | Noticed a two-headed ogre
 14529 | D:9      | Killed a cyclops
 14725 | D:9      | Killed a two-headed ogre
 15114 | D:9      | Learned a level 5 spell: Borgnjor's Vile Clutch
 15256 | D:9      | Found a sacrificial altar of Ru.
 15347 | D:9      | Reached ** piety under Ashenzari
 15463 | D:10     | Entered Level 10 of the Dungeon
 15492 | D:10     | Found a stormy altar of Qazlal.
 15739 | D:10     | Killed from afar by a gargoyle

Illustrated notes

Levels and vault maps discovered:
D:1:      dpeg_arrival_solitude, layout_loops_ring
D:2:      minmay_angry_zag, layout_loops_ring, dreamdust_ecumenical_altar_grove,
          serial_shops, nicolae_lakefront_shop, basic_altar,
          kennysheep_nondescript, uniq_terence
D:3:      lemuel_castle_with_subvaults [lemuel_castle_interior_carwin_2],
          layout_loops_ring, gammafunk_ghost_nasty_kobolds
D:4:      layout_rooms, fedhas_altar_3, mainiacjoe_overflow_alcove_4,
          lemuel_coloured_pillars_altar
D:5:      layout_rooms, nicolae_overflow_hidden_temple
D:6:      layout_loops_cross, mainiacjoe_overflow_24_doors,
          mainiacjoe_overflow_tiny_flanked, grunt_temple_overflow_open,
          minmay_temple_entry_poolview, uniq_duvessa, uniq_grinder, uniq_edmund
D:7:      layout_rooms, gammafunk_ghost_hive, uniq_crazy_yiuf_cottage
D:8:      layout_loops_cross, grunt_temple_overflow_opulence,
          mainiacjoe_overflow_concentric_impassable,
          nicolae_elyvilon_temple_path, due_lair_maze_entry_diamond
D:9:      layout_cave_pools, nicolae_ru_sacrificial_ziggurat
D:10:     layout_basic, nicolae_qazlal_style_of_elements, david_orc_4,
          nicolae_inconvenience_store, minivault_26, uniq_fannar
Temple:   hellmonk_temple_divided_pantheon

Skill      XL: |  1  2  3  4  5  6  7  8  9 10 11 |
---------------+----------------------------------+-----
Transmutations | 2 3 4 5 |  5.8
Spellcasting   | 5 6 7 8 |  8.2
Invocations    | 1 2 3 4 5 6 7 |  7.1
Fighting       | 1 2 3 4 5 6 |  6.4
Short Blades   | 1 2 3 4 5 6 |  6.4
Long Blades    | 1 2 3 4 5 6 |  6.4
Axes           | 1 2 3 4 5 6 |  6.4
Maces & Flails | 1 2 3 4 5 6 |  6.4
Polearms       | 1 2 3 4 5 6 |  6.4
Staves         | 1 2 3 4 5 6 |  6.4
Ranged Weapons | 1 2 3 4 5 6 |  6.4
Throwing       | 1 2 3 4 5 6 |  6.4
Armour         | 1 2 3 4 5 6 |  6.4
Shields        | 1 2 3 4 5 6 |  6.4
Unarmed Combat | 1 2 3 4 5 6 |  6.4
Evocations     | 1 2 3 4 5 6 |  6.4
Conjurations   | 1 2 3 4 5 |  5.3
Hexes          | 1 2 3 4 5 |  5.3
Summonings     | 1 2 3 4 5 |  5.3
Necromancy     | 1 2 3 4 5 |  5.3
Translocations | 1 2 3 4 5 |  5.3
Fire Magic     | 1 2 3 4 5 |  5.3
Ice Magic      | 1 2 3 4 5 |  5.3
Air Magic      | 1 2 3 4 5 |  5.3
Earth Magic    | 1 2 3 4 5 |  5.3
Dodging        | 5 6 7 8 |  8.0
Stealth        | 5 6 7 |  7.8
Poison Magic   | 6 7 |  7.7

Action                   |  1- 3 |  4- 6 |  7- 9 | 10-12 || total
-------------------------+-------+-------+-------+-------++-------
Melee: Mace              |     5 |    11 |    32 |       ||    48
       Short sword       |       |       |    75 |    62 ||   137
       Bite              |       |       |    20 |     8 ||    28
 Cast: Sting             |    70 |   103 |   150 |     4 ||   327
       Olgreb's Toxic Ra |       |     5 |    24 |    17 ||    46
       Poisonous Vapours |       |       |     5 |       ||     5
       Stone Arrow       |       |       |    30 |   123 ||   153
       Borgnjor's Vile C |       |       |       |     1 ||     1
Invok: Curse Item        |       |       |       |     3 ||     3
  Use: Scroll            |       |     3 |     8 |     1 ||    12
       Potion            |       |       |     5 |     1 ||     6
 Stab: Distracted        |       |       |     1 |       ||     1
Armor: Robe              |     7 |     6 |    43 |    27 ||    83
       Leather armour    |       |       |       |     9 ||     9
Dodge: Dodged            |    22 |    32 |   165 |    62 ||   281
Block: Buckler           |       |       |     1 |    15 ||    16

Table legend: (Time is in decaauts)
 A = Elapsed time spent in this place.
 B = Non-inter-level travel time spent in this place.
 C = Inter-level travel time spent in this place.
 D = Time resting spent in this place.
 E = Time spent auto-exploring this place.
 F = Levels seen in this place.
 G = Mean time per level.
                   A        B        C        D        E       F      G
               +--------+--------+--------+--------+--------+-----+--------+
         Total |  15759 |  15091 |    668 |   3169 |  10071 |  11 | 1432.6 |
       Dungeon |  15707 |  15039 |    668 |   3169 |  10063 |  10 | 1570.7 |
        Temple |     51 |     51 |      0 |      0 |      8 |   1 |   51.0 |
               +--------+--------+--------+--------+--------+-----+--------+

Top non-repeatable levels by time:
     D:3: 2846 daAuts
     D:6: 2729 daAuts
     D:8: 2457 daAuts
     D:7: 1870 daAuts
     D:2: 1824 daAuts
     D:9: 1082 daAuts
     D:4: 887 daAuts
     D:1: 887 daAuts
     D:5: 844 daAuts
    D:10: 278 daAuts
  Temple: 51 daAuts
